Map: Ruins of Seras

Players

Howl - Winner!

  • Race: Protoss Protoss
  • League: Bronze

wabbajack

  • Race: Zerg Zerg
  • League: Gold

VOD

Have the link to the VOD?

Description

Time

  • Played on: July 22, 2015, 3:19 a.m.
  • Length: 9:20
Show
View Real Time Build Order
Export as new Build Order

Howl Protoss - Winner!

Build Orders:  

Get SALT Encoding   

  12  0:00  Probe  
  13  0:14  Pylon  
  13  0:20  Probe (Chrono Boost)  
  14  0:32  Probe (Chrono Boost)  
  15  0:42  Probe (Chrono Boost)  
  16  0:47  Gateway  
  16  0:49  Probe  
  17  1:00  Assimilator x2  
  17  1:02  Probe (Chrono Boost)  
  19  1:13  Probe (Chrono Boost), Pylon  
  19  1:19  Probe (Chrono Boost)  
  20  1:31  Probe (Chrono Boost)  
  21  1:34  Cybernetics Core  
  21  1:43  Probe (Chrono Boost)  
  22  1:50  Probe (Chrono Boost)  
  25  2:08  Gateway  
  25  2:11  Warp Gate  
  25  2:13  Mothership Core (Chrono Boost)  
  25  2:27  Probe (Chrono Boost)  
  26  2:33  Nexus  
  26  2:41  Pylon  
  26  2:43  Sentry (Chrono Boost)  
  28  2:45  Probe  
  29  2:56  Twilight Council  
  29  3:04  Probe  
  30  3:09  Sentry  
  32  3:16  Probe (Chrono Boost)  
  33  3:21  Forge  
  33  3:29  Probe (Chrono Boost)  
  33  3:30  Gateway  
  34  3:35  Pylon  
  34  3:39  Probe  
  35  3:51  Probe (Chrono Boost)  
  37  3:57  Probe (Chrono Boost)  
  37  3:58  Protoss Ground Weapons Level 1  
  37  4:01  Probe (Chrono Boost)  
  37  4:05  Probe (Chrono Boost)  
  37  4:08  Probe  
  39  4:14  Gateway  
  39  4:22  Probe (Chrono Boost)  
  41  4:28  Probe (Chrono Boost)  
  42  4:32  Probe (Chrono Boost)  
  42  4:33  Assimilator  
  42  4:35  Probe (Chrono Boost), Assimilator  
  42  4:37  Pylon  
  43  4:40  Shield Upgrade  
  43  4:44  Photon Cannon  
  43  4:45  Probe (Chrono Boost)  
  44  4:51  Probe (Chrono Boost)  
  45  4:54  Pylon  
  46  5:01  Probe x2 (Chrono Boost)  
  47  5:07  Sentry x2  
  51  5:14  Probe (Chrono Boost)  
  51  5:17  Photon Cannon  
  51  5:19  Stalker x2  
  51  5:20  Probe (Chrono Boost)  
  57  5:29  Pylon  
  57  5:35  Photon Cannon  
  57  5:38  Blink  
  57  5:40  Robotics Facility  
  56  6:05  Probe x2, Pylon  
  50  6:17  Probe (Chrono Boost)  
  51  6:24  Probe (Chrono Boost)  
  52  6:27  Warp Prism (Chrono Boost), Protoss Ground Weapons Level 2  
  52  6:29  Probe (Chrono Boost)  
  56  6:35  Probe (Chrono Boost)  
  57  6:40  Probe (Chrono Boost)  
  57  6:46  Probe (Chrono Boost)  
  58  6:52  Probe (Chrono Boost)  
  59  6:54  Probe  
  59  6:56  Stalker  
  59  6:57  Stalker x3  
  68  7:03  Gateway  
  68  7:04  Gateway  
  68  7:06  Gateway  
  68  7:08  Gateway  
  68  7:10  Pylon  
  68  7:19  Templar Archives  
  68  7:20  Sentry x2  
  72  7:26  Probe x2 (Chrono Boost)  
  74  7:36  Probe x2 (Chrono Boost), Observer  
  77  7:47  Nexus  
  77  7:56  Psionic Storm  
  77  7:58  High Templar  
  79  7:59  High Templar  
  81  8:17  Zealot x6  
  93  8:34  Adept  
  93  8:35  Adept  
  97  8:47  Zealot  
  99  8:54  Pylon  
  99  8:56  Pylon  
  99  8:57  Pylon  
  99  8:59  Pylon  
  99  9:16  Adept x3  
  105  9:17  Adept  
Show
View Real Time Build Order
Export as new Build Order

wabbajack Zerg 

Build Orders: Pool First 

Get SALT Encoding   

  12  0:01  Drone  
  13  0:16  Overlord  
  13  0:20  Drone  
  14  0:25  Drone, Extractor  
  15  0:42  Drone x2  
  17  0:44  Extractor  
  17  0:49  Spawning Pool  
  15  0:54  Drone  
  16  1:00  Drone  
  17  1:19  Drone  
  18  1:25  Hatchery  
  17  1:36  Queen  
  19  1:42  Overlord  
  19  1:53  Zergling x2  
  20  1:57  Drone x2  
  22  2:05  Metabolic Boost  
  22  2:15  Zergling x2  
  23  2:17  Queen  
  26  2:30  Zergling x4  
  26  2:35  Baneling Nest  
  26  2:48  Pneumatized Carapace  
  26  2:54  Extractor  
  26  2:56  Drone  
  26  2:57  Drone  
  28  2:58  Drone  
  28  2:59  Drone  
  28  3:00  Drone  
  28  3:01  Drone  
  32  3:05  Drone  
  32  3:10  Zergling x2  
  33  3:14  Zergling x2  
  34  3:30  Zergling x4  
  36  3:47  Roach Warren  
  35  3:50  Drone  
  35  3:52  Overlord x2  
  36  4:09  Baneling x2  
  36  4:12  Baneling  
  36  4:13  Baneling x3  
  36  4:24  Baneling x3  
  36  4:25  Baneling  
  36  5:14  Spine Crawler  
  36  5:15  Spore Crawler, Spine Crawler  
  36  5:17  Lair  
  32  6:10  Queen  
  32  6:11  Drone x5  
  32  6:12  Hatchery, Drone x17  
  32  6:13  Overlord  
  32  6:17  Hatchery  
  49  6:26  Overlord x2  
  49  6:34  Spore Crawler  
  49  6:38  Zergling x6  
  49  6:39  Zergling x2  
  50  7:03  Overlord x2  
  50  7:06  Evolution Chamber, Drone x2  
  50  7:07  Drone x4  
  55  7:09  Evolution Chamber, Overlord  
  55  7:11  Extractor  
  55  7:13  Drone, Extractor  
  55  7:33  Extractor  
  54  7:37  Hydralisk Den  
  54  7:38  Glial Reconstitution  
  54  7:42  Queen  
  55  7:47  Drone  
  55  7:48  Drone x3  
  55  7:49  Drone  
  55  7:50  Drone  
  61  7:54  Extractor  
  60  8:05  Zergling x2  
  60  8:06  Zergling x4  
  60  8:07  Zergling x12  
  51  8:44  Hydralisk  
  51  8:45  Hydralisk x7  
Tags
 
Add a new tag
Caveats
  • Supply blocks, unpowered buildings, or Contaminate may cause inaccurate times.
  • Supply counts are checked every 10 seconds.